 Dungeon Crawl Stone Soup version 0.21-a0-471-gd587bd5 (webtiles) character file.

252 kae the Skirmisher (level 6, -1/39 HPs)
             Began as a Gargoyle Fighter on Nov 21, 2017.
             Killed from afar by Laiders's ghost (19 damage)
             ... with a stone arrow
             ... on level 4 of the Dungeon.
             The game lasted 00:02:36 (2429 turns).

kae the Skirmisher (Gargoyle Fighter)               Turns: 2429, Time: 00:02:37

Health: -1/39      AC: 11    Str: 22    XL:     6   Next: 14%
Magic:  6/6        EV:  7    Int:  8    God:
Gold:   117        SH:  9    Dex:  9    Spells: 5/5 levels left

rFire    . . .     SeeInvis .   a - +0 flail
rCold    . . .     Gourm    .   c - +0 shield
rNeg     + . .     Faith    .   b - +0 scale mail
rPois    ∞         Spirit   .   (no helmet)
rElec    +         Reflect  .   (no cloak)
rCorr    .         Harm     .   (no gloves)
MR       .....                  (no boots)
Stlth    ..........             (no amulet)
HPRegen  0.13/turn              (no ring)
MPRegen  0.10/turn              (no ring)

@: no status effects
A: negative energy resistance 1, electricity resistance, unbreathing,
petrification resistance, rot immunity, AC +4
a: no special abilities


You were on level 4 of the Dungeon.
You were hungry.

You visited 1 branch of the dungeon, and saw 4 of its levels.

You collected 117 gold pieces.

Inventory:

Hand Weapons
 a - a +0 flail (weapon)
Armour
 b - a +0 scale mail (worn)
 c - a +0 shield (worn)
Jewellery
 o - an uncursed ring of poison resistance {unknown}
Scrolls
 e - 3 scrolls of blinking
 i - 3 scrolls of remove curse
 m - 4 scrolls of identify {unknown}
 n - a scroll of immolation {unknown}
 p - a scroll of amnesia {unknown}
Potions
 d - 3 potions of might
 j - a potion of resistance {unknown}
 k - a potion of magic {unknown}
 q - a potion of ambrosia {unknown}
Comestibles
 f - a bread ration
 g - 2 royal jellies
 h - a fruit
 l - a meat ration
 r - 2 chunks of flesh


   Skills:
 + Level 4.6 Fighting
 * Level 4.5 Maces & Flails
 + Level 4.5 Armour
 - Level 3.4 Shields


You had 5 spell levels left.
You didn't know any spells.

Dungeon Overview and Level Annotations

Branches:
Dungeon (4/15)
 Temple: D:4-7

Altars:
Gozag
Nemelex Xobeh

Annotations:
D:4 Laiders's ghost, amateur GrEE


Innate Abilities, Weirdness & Mutations

You are resistant to torment.
Your stone body is resilient. (AC +4)
You are immune to poison.
You resist negative energy. (rN+)
You are resistant to electric shocks. (rElec)
You can survive without breathing.
You are immune to petrification.
You are immune to rotting.


Message History

Laiders's ghost closely misses you.
You hit Laiders's ghost.
Laiders's ghost is lightly damaged.
Laiders's ghost gestures at you while chanting.
You block the stone arrow.
You sock Laiders's ghost!
Laiders's ghost is moderately damaged.
Laiders's ghost hits you but does no damage.
You closely miss Laiders's ghost.
Laiders's ghost is moderately damaged.
Laiders's ghost casts a spell at you. The stone arrow hits you!
You block Laiders's ghost's attack.
You are too injured to fight recklessly!
You are too injured to fight recklessly!
You are too injured to fight recklessly!
You are too injured to fight recklessly!
You are too injured to fight recklessly!
Laiders's ghost points at you and mumbles some strange words.
The stone arrow hits you!
You die...

#.........#
#.[....... ........
#.....# .. ...
###.....## .. (.
#........# ....
#........###..#.#
#.........W......
#.......@####.####.#
#..........##^.....#
######.......#
#.#..<#)#
#######'#####.#
#.............#
#........######
#........#
##########


You could see Laiders's ghost.

Vanquished Creatures
  Terence (D:2)
  An iguana (D:4)
  Natasha (thrice) (D:2)
  6 adders
  A worm (D:2)
  2 dart slugs
  6 leopard geckos
  2 orcs
  2 giant cockroaches
  6 hobgoblins
  7 jackals (D:2)
  6 kobolds
  A ball python (D:3)
  6 bats
  3 frilled lizards
  6 goblins
  5 rats
64 creatures vanquished.

Notes
Turn   | Place    | Note
-------+----------+-------------------------------------------
     0 | D:1      | kae the Gargoyle Fighter began the quest for the Orb.
     0 | D:1      | Reached XP level 1. HP: 14/14 MP: 1/1
   201 | D:1      | Reached XP level 2. HP: 19/19 MP: 2/2
   625 | D:2      | Noticed Natasha
   638 | D:2      | Noticed a crimson imp
   641 | D:2      | Reached XP level 3. HP: 20/23 MP: 3/3
   658 | D:2      | Killed Natasha
   718 | D:2      | Reached XP level 4. HP: 27/29 MP: 4/4
   999 | D:2      | Noticed Terence
  1011 | D:2      | Killed Terence
  1127 | D:2      | Reached XP level 5. HP: 30/33 MP: 5/5
  1321 | D:2      | Found an opulent altar of Gozag.
  1321 | D:2      | Found a sparkling altar of Nemelex Xobeh.
  1364 | D:2      | Noticed Natasha
  1370 | D:2      | Killed Natasha
  1526 | D:2      | Noticed Natasha
  1533 | D:2      | Killed Natasha
  2310 | D:4      | Reached XP level 6. HP: 35/39 MP: 6/6
  2421 | D:4      | Noticed Laiders's ghost (amateur GrEE)
  2429 | D:4      | Killed from afar by Laiders's ghost

Vault maps used:
D:1:      saegor_arrival_simple_f
D:2:      grunt_temple_overflow_opulence, uniq_natasha, uniq_terence
D:3:      corexii_leaking_fountain, minmay_misc_feat_doors
D:4:      uniq_pikel

Skill      XL: |  1  2  3  4  5 |
---------------+----------------+-----
Maces & Flails | 3 4 |  4.5
Fighting       | 4 |  4.6
Armour         | 4 |  4.5
Shields        | |  3.4

Action                   |  1- 3 |  4- 6 || total
-------------------------+-------+-------++-------
Melee: Flail             |    86 |   195 ||   281
  Use: Scroll            |     1 |     2 ||     3
       Potion            |     1 |       ||     1
  Eat: Chunk             |       |     5 ||     5
Armor: Scale mail        |    44 |   101 ||   145
Dodge: Dodged            |    26 |    56 ||    82
Block: Shield            |    56 |   100 ||   156

Table legend:
 A = Spawn XP
 B = Non-spawn XP
 C = Spawn XP percentage of total XP
 D = Spawn monster count
 E = Non-spawn monster count
 F = Spawn count percentage of total count
 G = Total turns spent on level
                    A         B        C        D         E        F      G
               +---------+---------+-------+---------+---------+-------+---------
         Total |       0 |     361 |   0.0 |       0 |      64 |   0.0 |  2429
               +---------+---------+-------+---------+---------+-------+---------
           D:1 |       0 |      25 |   0.0 |       0 |      14 |   0.0 |   566
           D:2 |       0 |     232 |   0.0 |       0 |      31 |   0.0 |  1076
           D:3 |       0 |      57 |   0.0 |       0 |      14 |   0.0 |   620
           D:4 |       0 |      47 |   0.0 |       0 |       5 |   0.0 |   167
               +---------+---------+-------+---------+---------+-------+---------
